HSSL
OLIVER AMES HS TIGERS @ OCEANSIDE HS PIRATES
05/03/2023
 
TOP OF THE 1ST
Oliver Ames HS Tigers batting - Pitching for Oceanside HS Pirates : RHP Cliff Wolfe
Pitching: RHP Cliff Wolfe
Batting: RHB Donovan James 0-0: Called Strike
0-1: Ground out 6-3 (Groundball, 6M)
Batting: RHB James Hunter 0-0: Called Strike
0-1: Ball
1-1: SINGLE (Groundball, 6D)
Batting: RHB Denver Baker 0-0: Ball
1-0: Foul Ball, location: 2F
1-1: Ball
2-1: Ball
3-1: Base on Balls
James Hunter to second
Batting: RHB Earl Frank 0-0: Ball
1-0: Ball
2-0: Swinging Strike
Passed Ball!
James Hunter to third
Denver Baker to second
2-1: Foul Ball, location: 2F
2-2: Strikes out swinging
Batting: LHB Eugene Lee 0-0: Called Strike
0-1: Swinging Strike
0-2: Foul Ball, location: 2F
0-2: Strikes out looking
Top of the 1st over - 0 run(s), 1 hit(s), 0 error(s), 2 left on base; Oliver Ames HS 0 - Oceanside HS 0
BOTTOM OF THE 1ST
Oceanside HS Pirates batting - Pitching for Oliver Ames HS Tigers : LHP Larry McGraw
Pitching: LHP Larry McGraw
Batting: RHB Stan Taylor 0-0: Fly out, F7 (Flyball, 7M)
Batting: LHB Michael Hanson 0-0: Ball
1-0: Ground out 6-3 (Groundball, 6M)
Batting: RHB Jeffery Evans 0-0: Ball
1-0: Foul Ball, location: 2F
1-1: Ball
2-1: Swinging Strike
2-2: Strikes out swinging
Bottom of the 1st over - 0 run(s), 0 hit(s), 0 error(s), 0 left on base; Oliver Ames HS 0 - Oceanside HS 0
TOP OF THE 2ND
Oliver Ames HS Tigers batting - Pitching for Oceanside HS Pirates : RHP Cliff Wolfe
Batting: RHB Jimmy King 0-0: Ball
1-0: Called Strike
1-1: Called Strike
1-2: Strikes out swinging
Batting: RHB Jon Anderson 0-0: Swinging Strike
0-1: Swinging Strike
0-2: Ground out 4-3 (Groundball, 4M)
Batting: RHB Rob Brady 0-0: Ball
1-0: Ball
2-0: SINGLE (Flyball, 8RS)
Batting: RHB Mason Thompson 0-0: Called Strike
0-1: Fly out, F7 (Flyball, 78M)
Top of the 2nd over - 0 run(s), 1 hit(s), 0 error(s), 1 left on base; Oliver Ames HS 0 - Oceanside HS 0
BOTTOM OF THE 2ND
Oceanside HS Pirates batting - Pitching for Oliver Ames HS Tigers : LHP Larry McGraw
Batting: LHB Jon Quinn 0-0: Called Strike
0-1: Ball
1-1: SINGLE (Flyball, 7S)
Batting: RHB Joe Rogers 0-0: Foul Ball, location: 2F
0-1: Swinging Strike
0-2: Ball
1-2: Ball
2-2: Ball
3-2: Foul Ball, location: 2F
3-2: Base on Balls
Jon Quinn to second
Batting: SHB Ryan Holcomb 0-0: Foul Ball, location: 2F
0-1: Ball
1-1: Fielders Choice at 2nd, 3-6 (Groundball, 3)
Jon Quinn to third
Batting: RHB Glen Madden 0-0: Fly out, F7 (Flyball, 7M)
Runner from 3rd tags up, SCORES, throw made
Batting: LHB Xavier Rivera 0-0: Ball
1-0: SINGLE (Groundball, 34D)
Ryan Holcomb to second
Runner from 2nd tries for 3rd, SAFE, no throw or cutoff
Batting: RHB Bill Davis 0-0: Called Strike
0-1: Ball
1-1: TRIPLE (Line Drive, 9LS)
Ryan Holcomb scores
Xavier Rivera scores
Batting: RHB Stan Taylor 0-0: Called Strike
0-1: Foul Ball, location: 2F
0-2: Fly out, F8 (Flyball, 8LM)
Bottom of the 2nd over - 3 run(s), 3 hit(s), 0 error(s), 1 left on base; Oliver Ames HS 0 - Oceanside HS 3
TOP OF THE 3RD
Oliver Ames HS Tigers batting - Pitching for Oceanside HS Pirates : RHP Cliff Wolfe
Batting: RHB Donovan James 0-0: Ball
1-0: Called Strike
1-1: Ball
2-1: Ball
3-1: Foul Ball, location: 2F
3-2: Strikes out looking
Batting: RHB James Hunter 0-0: Ball
1-0: Called Strike
1-1: Ground out U3 (Groundball, 3)
Batting: RHB Denver Baker 0-0: Swinging Strike
0-1: Swinging Strike
0-2: Ball
1-2: Strikes out swinging
Top of the 3rd over - 0 run(s), 0 hit(s), 0 error(s), 0 left on base; Oliver Ames HS 0 - Oceanside HS 3
BOTTOM OF THE 3RD
Oceanside HS Pirates batting - Pitching for Oliver Ames HS Tigers : LHP Larry McGraw
Batting: LHB Michael Hanson 0-0: Ball
1-0: Called Strike
1-1: Ball
2-1: Ball
3-1: Base on Balls
Batting: RHB Jeffery Evans 0-0: Called Strike
0-1: Ball
1-1: SINGLE (Groundball, 56D)
Michael Hanson to second
Batting: LHB Jon Quinn 0-0: Ball
1-0: Ball
2-0: Called Strike
2-1: SINGLE (Line Drive, 78S)
Michael Hanson to third
Jeffery Evans to second
Runner from 3rd tries for Home, SAFE, no throw or cutoff
Batting: RHB Joe Rogers 0-0: DOUBLE (Groundball, 5L)
Jeffery Evans scores
Jon Quinn to third
Batting: SHB Ryan Holcomb 0-0: SINGLE (Groundball, 3)
Jon Quinn scores
Joe Rogers to third
Batting: RHB Glen Madden 0-0: Ball
1-0: Ball
2-0: Ball
3-0: Base on Balls
Ryan Holcomb to second
Batting: LHB Xavier Rivera 0-0: Called Strike
0-1: Ball
1-1: Called Strike
1-2: Ball
2-2: Strikes out swinging
Batting: RHB Bill Davis 0-0: Swinging Strike
0-1: Ball
1-1: Ball
2-1: Foul Ball, location: 2F
2-2: Fly out, F6 (Popup, 6)
Batting: RHB Stan Taylor 0-0: Ball
1-0: Ball
2-0: Foul Ball, location: 2F
2-1: Ground out 5-3 (Groundball, 5S)
Bottom of the 3rd over - 3 run(s), 4 hit(s), 0 error(s), 3 left on base; Oliver Ames HS 0 - Oceanside HS 6
TOP OF THE 4TH
Oliver Ames HS Tigers batting - Pitching for Oceanside HS Pirates : RHP Cliff Wolfe
Batting: RHB Earl Frank 0-0: Called Strike
0-1: Ball
1-1: Ball
2-1: Foul Ball, location: 2F
2-2: Foul Ball, location: 2F
2-2: Ball
3-2: Foul Ball, location: 2F
3-2: Strikes out swinging
Batting: LHB Eugene Lee 0-0: Foul Ball, location: 2F
0-1: Called Strike
0-2: Ball
1-2: Strikes out looking
Batting: RHB Jimmy King 0-0: Ball
1-0: Called Strike
1-1: Swinging Strike
1-2: Reached on error, E5 (Groundball, 5L)
Pitching: RHP Adam Lawson
Batting: RHB Jon Anderson 0-0: Ball
Jimmy King is caught stealing 2nd base
Top of the 4th over - 0 run(s), 0 hit(s), 1 error(s), 0 left on base; Oliver Ames HS 0 - Oceanside HS 6
BOTTOM OF THE 4TH
Oceanside HS Pirates batting - Pitching for Oliver Ames HS Tigers : LHP Larry McGraw
Batting: LHB Michael Hanson 0-0: Ball
1-0: Ball
2-0: Called Strike
2-1: Called Strike
2-2: Ball
3-2: Foul Ball, location: 2F
3-2: Base on Balls
Batting: RHB Jeffery Evans 0-0: Grounds into double play, 4-6-3 (Groundball, 4)
Batting: LHB Jon Quinn 0-0: Fly out, F7 (Flyball, 7M)
Bottom of the 4th over - 0 run(s), 0 hit(s), 0 error(s), 0 left on base; Oliver Ames HS 0 - Oceanside HS 6
TOP OF THE 5TH
Oliver Ames HS Tigers batting - Pitching for Oceanside HS Pirates : RHP Adam Lawson
Batting: RHB Jon Anderson 0-0: Called Strike
0-1: Fly out, F6 (Popup, 6S)
Batting: RHB Rob Brady 0-0: Foul Ball, location: 2F
0-1: Fly out, F9 (Line Drive, 89S)
Batting: RHB Mason Thompson 0-0: Ball
1-0: DOUBLE (Flyball, 8LM)
Batting: RHB Donovan James 0-0: Ball
1-0: Ball
2-0: Ball
3-0: Called Strike
3-1: Foul Ball, location: 2F
3-2: SINGLE (Groundball, 6D)
Mason Thompson to third
Mason Thompson scores
Batting: RHB James Hunter 0-0: Called Strike
0-1: Foul Ball, location: 2F
0-2: Ball
1-2: Strikes out swinging
Top of the 5th over - 1 run(s), 2 hit(s), 0 error(s), 1 left on base; Oliver Ames HS 1 - Oceanside HS 6
BOTTOM OF THE 5TH
Oceanside HS Pirates batting - Pitching for Oliver Ames HS Tigers : LHP Larry McGraw
Batting: RHB Joe Rogers 0-0: Ball
1-0: Foul Ball, location: 2F
1-1: Swinging Strike
1-2: Ball
2-2: SINGLE (Flyball, 89S)
Batting: SHB Ryan Holcomb 0-0: Called Strike
0-1: Ground out 3-1 (Groundball, 23)
Joe Rogers to second
Batting: RHB Glen Madden 0-0: Ball
1-0: Called Strike
1-1: Ball
2-1: Foul Ball, location: 2F
2-2: Ball
3-2: Base on Balls
Pitching: RHP Jeff Hudson
Batting: LHB Xavier Rivera 0-0: Ball
1-0: Ball
2-0: Called Strike
2-1: Foul Ball, location: 2F
2-2: Strikes out looking
Batting: RHB Bill Davis 0-0: Called Strike
0-1: Ball
1-1: Foul Ball, location: 2F
1-2: Fielders Choice at 2nd, 6-4 (Groundball, 6MS)
Bottom of the 5th over - 0 run(s), 1 hit(s), 0 error(s), 1 left on base; Oliver Ames HS 1 - Oceanside HS 6
TOP OF THE 6TH
Oliver Ames HS Tigers batting - Pitching for Oceanside HS Pirates : RHP Adam Lawson
Batting: RHB Denver Baker 0-0: Ball
1-0: Called Strike
1-1: Ball
2-1: SINGLE (Line Drive, 8RS)
Batting: RHB Earl Frank 0-0: SINGLE (Popup, 3D)
Denver Baker to second
Runner from 2nd tries for 3rd, SAFE, throw made to third
Earl Frank to second
Batting: LHB Eugene Lee 0-0: Ball
1-0: Foul Ball, location: 2F
1-1: Ball
2-1: SINGLE (Line Drive, 8RS)
Denver Baker scores
Earl Frank to third
Batting: RHB Jimmy King 0-0: Called Strike
0-1: Swinging Strike
0-2: Foul Ball, location: 2F
0-2: Foul Ball, location: 2F
0-2: Strikes out swinging
Batting: RHB Jon Anderson 0-0: Called Strike
0-1: Foul Ball, location: 2F
0-2: Ball
1-2: Strikes out swinging
Batting: RHB Rob Brady 0-0: Called Strike
0-1: Swinging Strike
0-2: Ball
1-2: Ground out 6-3 (Groundball, 56)
Top of the 6th over - 1 run(s), 3 hit(s), 0 error(s), 2 left on base; Oliver Ames HS 2 - Oceanside HS 6
BOTTOM OF THE 6TH
Oceanside HS Pirates batting - Pitching for Oliver Ames HS Tigers : RHP Jeff Hudson
Batting: RHB Stan Taylor 0-0: Ball
1-0: Ball
2-0: Ball
3-0: Foul Ball, location: 2F
3-1: Base on Balls
Batting: LHB Michael Hanson 0-0: Ball
1-0: Called Strike
1-1: Ball
2-1: Ball
Wild Pitch!
Stan Taylor to second
3-1: Intentional Walk
Batting: RHB Jeffery Evans 0-0: Called Strike
0-1: Swinging Strike
0-2: Strikes out swinging
Batting: LHB Jon Quinn 0-0: Ball
1-0: Called Strike
1-1: Foul Ball, location: 2F
1-2: Foul Ball, location: 2F
1-2: Foul Ball, location: 2F
1-2: Ball
2-2: Ball
3-2: Ground out U3 (Groundball, 3L)
Stan Taylor to third
Michael Hanson to second
Batting: RHB Joe Rogers 0-0: Ball
1-0: Swinging Strike
1-1: Foul Ball, location: 2F
1-2: Ball
2-2: Ground out 4-3 (Groundball, 34)
Bottom of the 6th over - 0 run(s), 0 hit(s), 0 error(s), 2 left on base; Oliver Ames HS 2 - Oceanside HS 6
TOP OF THE 7TH
Oliver Ames HS Tigers batting - Pitching for Oceanside HS Pirates : RHP Adam Lawson
Pitching: RHP Armando López
Batting: RHB Mason Thompson 0-0: Ball
1-0: Swinging Strike
1-1: Swinging Strike
1-2: Ball
2-2: Strikes out swinging
Batting: RHB Donovan James 0-0: Ball
1-0: Foul Ball, location: 2F
1-1: Foul Ball, location: 2F
1-2: Ball
2-2: Strikes out looking
Batting: RHB James Hunter 0-0: Ball
1-0: Ball
2-0: Swinging Strike
2-1: Swinging Strike
2-2: Ball
3-2: Foul Ball, location: 2F
3-2: Base on Balls
Batting: RHB Denver Baker 0-0: SINGLE (Line Drive, 6MD)
James Hunter to second
Batting: RHB Earl Frank 0-0: Called Strike
0-1: Fielders Choice at 2nd, U6 (Groundball, 6M)
Top of the 7th over - 0 run(s), 1 hit(s), 0 error(s), 2 left on base; Oliver Ames HS 2 - Oceanside HS 6
BOTTOM OF THE 7TH
Oceanside HS Pirates batting - Pitching for Oliver Ames HS Tigers : RHP Jeff Hudson
Batting: SHB Ryan Holcomb 0-0: Ball
1-0: Called Strike
1-1: Foul Ball, location: 2F
1-2: Ball
2-2: Foul Ball, location: 2F
2-2: Strikes out swinging
Pitching: RHP Michael Short
Batting: RHB Glen Madden 0-0: Ball
1-0: Called Strike
1-1: Fly out, F8 (Popup, 6D)
Batting: LHB Xavier Rivera 0-0: Called Strike
0-1: Foul Ball, location: 2F
0-2: Strikes out swinging
Bottom of the 7th over - 0 run(s), 0 hit(s), 0 error(s), 0 left on base; Oliver Ames HS 2 - Oceanside HS 6
TOP OF THE 8TH
Oliver Ames HS Tigers batting - Pitching for Oceanside HS Pirates : RHP Armando López
Batting: LHB Eugene Lee 0-0: Foul Ball, location: 2F
0-1: Foul Ball, location: 2F
0-2: Foul Ball, location: 2F
0-2: SINGLE (Flyball, 8RS)
Batting: RHB Jimmy King 0-0: Ball
1-0: Called Strike
1-1: Ball
2-1: Swinging Strike
2-2: Ball
3-2: DOUBLE (Line Drive, 5L)
Eugene Lee to third
Pitching: RHP Barry Powell
Batting: RHB Jon Anderson 0-0: Called Strike
0-1: Ball
1-1: Fly out, F7 (Flyball, 78XD)
Runner from 3rd tags up, SCORES, no throw
Jimmy King to third
Batting: RHB Rob Brady 0-0: Foul Ball, location: 2F
0-1: Ball
1-1: Ball
2-1: Ball
3-1: Swinging Strike
3-2: Base on Balls
Batting: RHB Mason Thompson 0-0: Ball
1-0: Fielders Choice at 2nd, 5-4 (Groundball, 56)
Jimmy King scores
Batting: RHB Donovan James 0-0: Ball
1-0: Swinging Strike
1-1: Fly out, F7 (Flyball, 7LM)
Top of the 8th over - 2 run(s), 2 hit(s), 0 error(s), 1 left on base; Oliver Ames HS 4 - Oceanside HS 6
BOTTOM OF THE 8TH
Oceanside HS Pirates batting - Pitching for Oliver Ames HS Tigers : RHP Michael Short
Batting: RHB Bill Davis 0-0: Ball
1-0: Called Strike
1-1: Foul Ball, location: 2F
1-2: Foul Ball, location: 2F
1-2: Ball
2-2: DOUBLE (Line Drive, 7D)
Batting: RHB Stan Taylor 0-0: Swinging Strike
0-1: Ball
1-1: Swinging Strike
1-2: Ball
2-2: Fly out, F8 (Flyball, 8LM)
Batting: LHB Michael Hanson 0-0: Intentional Walk
Pinch Hitting: RHB Juan Reyes 0-0: Fly out, F8 (Flyball, 8RM)
Batting: LHB Jon Quinn 0-0: Foul Ball, location: 2F
0-1: Ball
1-1: Ground out 1-3 (Groundball, 15S)
Bottom of the 8th over - 0 run(s), 1 hit(s), 0 error(s), 2 left on base; Oliver Ames HS 4 - Oceanside HS 6
TOP OF THE 9TH
Oliver Ames HS Tigers batting - Pitching for Oceanside HS Pirates : RHP Barry Powell
Pitching: LHP Joseph Elliott
Now at 2B: Juan Reyes
Now at 3B: Pete Woods
Batting: RHB James Hunter 0-0: Fly out, F8 (Flyball, 8LS)
Batting: RHB Denver Baker 0-0: Swinging Strike
0-1: Ball
1-1: Foul Ball, location: 2F
1-2: Foul Ball, location: 2F
1-2: Ball
2-2: Foul Ball, location: 2F
2-2: Ball
3-2: Foul Ball, location: 2F
3-2: Fly out, F8 (Flyball, 8LM)
Batting: RHB Earl Frank 0-0: Swinging Strike
0-1: Foul Ball, location: 2F
0-2: Fly out, F7 (Popup, 78S)
Top of the 9th over - 0 run(s), 0 hit(s), 0 error(s), 0 left on base; Oliver Ames HS 4 - Oceanside HS 6
This league is powered by Out of the Park Baseball, the baseball management simulation game for PC, Mac and Linux
Wednesday, December 2nd, 2015 - OOTP Baseball 16.8 Build 38